 Dungeon Sprint DCSS version 0.28.0-43-g3370ac3207 (webtiles) character file.

Game seed: 3524148836488656884

7343 boopmooplesden the Severer (level 10, -1/102 HPs)
             Began as a Minotaur Berserker on Mar 5, 2022.
             Was the Champion of Trog.
             Killed from afar by an orc sorcerer (13 damage)
             ... with a bolt of fire
             ... in the Dungeon (Sprint II: "The Violet Keep of Menkaure").
             The game lasted 00:06:03 (2244 turns).

boopmooplesden the Severer (Minotaur Berserker)     Turns: 2244, Time: 00:06:03

Health: -1/102     AC: 15    Str: 25    XL:     10   Next: 91%
Magic:  9/9        EV: 16    Int:  2    God:    Trog [******]
Gold:   443        SH:  0    Dex: 11    Spells: 9/9 levels left

rFire   + . .      SeeInvis .   p - +5 executioner's axe of the Eternal Void {vorpal, rElec}
rCold   + . .      Faith    .   (shield currently unavailable)
rNeg    . . .      Spirit   .   j - +1 leather armour {rPois}
rPois   +          Reflect  .   r - +2 hat
rElec   +          Harm     .   l - +2 cloak {rCorr}
rCorr   +          Rampage  .   e - +0 pair of gloves
Will    .....      Rage     1%  i - +2 pair of boots
Stlth   ++........ NoTele   +   (no amulet)
HPRegen 0.27/turn               (no ring)
MPRegen 0.11/turn               (no ring)

@: resistant, on berserk cooldown, slowed, unable to read, very slow
A: horns 2, retaliatory headbutt, berserk 1, dopey 1, frail 1, no potion heal 1,
inability to read while threatened
a: Renounce Religion, Berserk, Trog's Hand, Brothers in Arms


You were in the Dungeon.
You worshipped Trog.
Trog was exalted by your worship.
You visited 1 branch You collected 1269 gold pieces.
You spent 826 gold pieces at shops.

Inventory:

Hand Weapons
 a - a +0 vorpal hand axe
 p - the +5 executioner's axe of the Eternal Void (weapon) {vorpal, rElec}
   (Trog gifted it to you in the Dungeon)

   It inflicts extra damage upon your enemies.
   rElec:     It insulates you from electricity.
Armour
 b - a +0 animal skin
 e - a +0 pair of gloves (worn)
 i - a +2 pair of boots (worn)
 j - a +1 leather armour of poison resistance (worn)
 k - a +0 cloak
 l - a +2 cloak of preservation (worn)
 r - a +2 hat (worn)
 y - a +0 kite shield
Jewellery
 q - a ring of protection from fire
Scrolls
 h - a scroll of blinking
 m - a scroll of vulnerability
 x - a scroll of brand weapon
Potions
 c - 2 potions of curing
 d - a potion of heal wounds
 f - 5 potions of magic
 g - a potion of berserk rage
 n - 2 potions of resistance
 o - 2 potions of flight
 z - a potion of attraction


   Skills:
 + Level 18.4 Fighting
 + Level 19.9 Axes
 + Level 10.1 Armour
 + Level 11.6 Dodging
 + Level 3.1 Stealth


You had 9 spell levels left.
You didn't know any spells.
Your spell library was empty.

Dungeon Overview and Level Annotations

Branches:
Dungeon (1/1)

Altars:
Cheibriados
Dithmenos
Elyvilon
Fedhas
Gozag
Hepliaklqana
Kikubaaqudgha
Makhleb
Nemelex Xobeh
Okawaru
Qazlal
Ru
Sif Muna
Trog
Uskayaw
Vehumet
Wu Jian
Xom
Yredelemnul
Zin
The Shining One
Beogh
Jiyva
Lugonu

Shops:
D :![([=([:?([[!=(:

Annotations:
D exclusions: ice statue and oklob plant


Innate Abilities, Weirdness & Mutations

You have a pair of horns on your head.
You reflexively headbutt those who attack you in melee.
You tend to lose your temper in combat.
You are dopey. (Int -2)
You are frail. (-10% HP)
Potions are less effective at restoring your health.
You sometimes lose the ability to read scrolls when taking damage.


Message History

The ynoxinul gestures.
The red devil closely misses you.
The red devil hits you with a +0 trident!
* * * LOW HITPOINT WARNING * * *
Barbed spikes become lodged in your body.
Things that are here:
a +2 dagger of protection; a +0 robe; an orc corpse You feel protected.
The red devil hits you but does no damage.
The red devil barely misses you.
Your system partially rejects the healing.
You feel much better.
The red devil hits you but does no damage.
The orange demon stings you but does no damage.
You hit the red devil but do no damage.
You carefully extract the barbed spikes from your body.
The red devil misses you. The orange demon stings you from afar.
* * * LOW HITPOINT WARNING * * *
The red devil closely misses you. You furiously retaliate!
You headbutt the red devil. The orange demon stings you from afar.
* * * LOW HITPOINT WARNING * * *
You slice the red devil!!
You kill the red devil!
The red devil disappears in a puff of smoke!
The orc sorcerer casts a spell at you. The bolt of fire hits you! You resist.
* * * LOW HITPOINT WARNING * * *
The ynoxinul gestures.
The orange demon barely misses you.
You barely miss the ufetubus. Your headbutt misses the ufetubus.
The ufetubus misses you. The ufetubus barely misses you.
The orange demon misses you.
The orc sorcerer wildly gestures.
You feel troubled.
The orc sorcerer gestures at you while chanting.
The bolt of fire hits the ufetubus!!!
The ufetubus is burned terribly!
The ufetubus dies!
The ufetubus disappears in a puff of smoke!
The bolt of fire hits you! You resist.
You die...

*,,≈≈,≈≈≈≈##≈≈§≈≈§§##########§≈≈≈
##,,,≈,,,###########≈≈≈!§w≈≈§§≈≈§
∩####+####≈≈≈§§≈○###≈########≈▓▓▓
....#####§≈≈≈°≈≈○≈##≈#,,,,,,#▓▓≈≈
.^.....+§§§≈○.§§§≈≈'≈#,,,,,,**≈≈≈
######^##§§≈≈≈≈§≈≈####,,,,,,+≈≈≈≈
.oooo#..##§≈≈§§≈≈#####$=,,,,**≈≈≈
######...#########4555$$,,,,***≈≈
.........'.'..))@§o355|),,,,* ***
########################*****


You could see an orange demon (summoned), a ynoxinul (summoned), an orc sorcerer
and 5 ufetubi.

Vanquished Creatures
  Gastronok (D)
  A dire elephant (D)
  3 sixfirhies (D)
  An obsidian statue (D)
  2 orc sorcerers (D)
  A yaktaur (D)
  3 polar bears (D)
  A hornet (D)
  2 wyverns (D)
  A vampire mosquito (D)
  4 neqoxecs (D)
  Menkaure (D)
  4 water moccasins (D)
  4 scorpions (D)
  A jelly (D)
  3 worms (D)
33 creatures vanquished.

Vanquished Creatures (others)
  16 tentacles (D)
16 creatures vanquished.

Grand Total: 49 creatures vanquished

Notes
Turn   | Place    | Note
-------+----------+-------------------------------------------
     0 | D        | boopmooplesden the Minotaur Berserker began the quest for
                  | the Orb.
     0 | D        | Reached XP level 1. HP: 19/19 MP: 0/0
     1 | D        | Noticed a wyvern
     1 | D        | Noticed a wyvern
     4 | D        | Noticed a scorpion
     4 | D        | Noticed a scorpion
     4 | D        | Noticed a scorpion
     4 | D        | Noticed a scorpion
     8 | D        | Killed a scorpion
     9 | D        | Reached skill level 6 in Axes
     9 | D        | Reached XP level 2. HP: 29/31 MP: 1/1
     9 | D        | Reached XP level 3. HP: 36/38 MP: 2/2
     9 | D        | Killed a scorpion
    10 | D        | Reached skill level 8 in Axes
    10 | D        | Reached XP level 4. HP: 45/48 MP: 3/3
    11 | D        | Killed a scorpion
    11 | D        | Reached ** piety under Trog
    12 | D        | Reached skill level 9 in Axes
    12 | D        | Reached XP level 5. HP: 53/56 MP: 4/4
    16 | D        | Reached skill level 5 in Armour
    70 | D        | Noticed a neqoxec
    73 | D        | Noticed a neqoxec
    79 | D        | Killed a neqoxec
    80 | D        | Reached skill level 10 in Fighting
    80 | D        | Reached skill level 11 in Axes
    80 | D        | Reached skill level 5 in Dodging
    80 | D        | Reached XP level 6. HP: 60/67 MP: 5/5
    84 | D        | Killed a neqoxec
    84 | D        | Noticed Menkaure
    85 | D        | Killed Menkaure
    85 | D        | Reached *** piety under Trog
    86 | D        | Reached skill level 12 in Axes
    86 | D        | Reached XP level 7. HP: 57/75 MP: 6/6
    86 | D        | Noticed a neqoxec
    86 | D        | Gained mutation: You are frail. (-10% HP) [a neqoxec]
    86 | D        | Noticed a neqoxec
    95 | D        | Gained mutation: You are dopey. (Int -2) [a neqoxec]
    98 | D        | Lost intelligence.
   100 | D        | Gained mutation: You tend to lose your temper in combat. [a
                  | neqoxec]
   102 | D        | Killed a neqoxec
   103 | D        | Reached skill level 13 in Axes
   112 | D        | Gained mutation: Potions are less effective at restoring
                  | your health. [a neqoxec]
   115 | D        | Gained mutation: You sometimes lose the ability to read
                  | scrolls when taking damage. [a neqoxec]
   118 | D        | Killed a neqoxec
   120 | D        | Noticed an ice statue
   429 | D        | Killed a wyvern
   429 | D        | Reached **** piety under Trog
   430 | D        | Reached XP level 8. HP: 60/77 MP: 7/7
   434 | D        | Reached skill level 14 in Axes
   459 | D        | Reached ***** piety under Trog
   648 | D        | Found Vipaets's Jewellery Shop.
   648 | D        | Found Ibliabbo's Antique Armour Boutique.
   648 | D        | Found Zeaschus's Distillery.
   648 | D        | Found Sorimp's Antique Weapon Shop.
   649 | D        | Found Wigeppil's Magic Scroll Shop.
   649 | D        | Found Beink's Book Boutique.
   649 | D        | Found Wiesaf's Antique Armour Shop.
   649 | D        | Found Yczey's Weapon Boutique.
   650 | D        | Found Toxzud's Antique Armour Shop.
   650 | D        | Found Eskoef's Jewellery Boutique.
   650 | D        | Found Edgho's Armour Boutique.
   650 | D        | Found Alefo's Weapon Shop.
   650 | D        | Noticed a cane toad
   650 | D        | Noticed a cane toad
   684 | D        | Found Peplale's Antique Armour Boutique.
   684 | D        | Found Dax Veov's Distillery.
   684 | D        | Noticed an oklob plant
   685 | D        | Found Olenk's Book Shoppe.
   718 | D        | Noticed a polar bear
   719 | D        | Noticed a flying skull
   719 | D        | Noticed a flying skull
   720 | D        | Noticed a polar bear
   726 | D        | Bought a faintly humming leather armour for 140 gold pieces
   726 | D        | Identified the +2 leather armour of Agahaibo {*Slow rF+++
                  | rCorr Int-3} (You bought it in a shop in the Dungeon)
   732 | D        | Bought a +2 pair of boots for 214 gold pieces
   732 | D        | Bought a +1 leather armour of poison resistance for 143
                  | gold pieces
   732 | D        | Bought a +0 cloak for 58 gold pieces
   768 | D        | Noticed a flying skull
   768 | D        | Noticed a flying skull
   769 | D        | Bought a pair of gloves for 121 gold pieces
   769 | D        | Noticed a flying skull
   770 | D        | Noticed a flying skull
   771 | D        | Noticed a flying skull
   774 | D        | Noticed a flying skull
   777 | D        | Bought a glowing cloak for 150 gold pieces
   808 | D        | Found a snail-covered altar of Cheibriados.
   809 | D        | Found a shadowy altar of Dithmenos.
   809 | D        | Found a viscous altar of Jiyva.
   810 | D        | Found a white marble altar of Elyvilon.
   810 | D        | Found an ancient bone altar of Kikubaaqudgha.
   811 | D        | Found a blossoming altar of Fedhas.
   811 | D        | Found a corrupted altar of Lugonu.
   811 | D        | Found a shimmering blue altar of Sif Muna.
   812 | D        | Found an opulent altar of Gozag.
   812 | D        | Found a burning altar of Makhleb.
   812 | D        | Found a bloodstained altar of Trog.
   813 | D        | Found a sparkling altar of Nemelex Xobeh.
   813 | D        | Found a hide-covered altar of Uskayaw.
   814 | D        | Found an iron altar of Okawaru.
   814 | D        | Found a radiant altar of Vehumet.
   814 | D        | Found a glowing silver altar of Zin.
   814 | D        | Found a basalt altar of Yredelemnul.
   814 | D        | Noticed a polar bear
   814 | D        | Noticed a polar bear
   815 | D        | Noticed a yaktaur
   821 | D        | Killed a polar bear
   822 | D        | Reached skill level 15 in Axes
   822 | D        | Noticed a polar bear
   822 | D        | Noticed a hornet
   826 | D        | Killed a polar bear
   829 | D        | Killed a polar bear
   830 | D        | Reached skill level 16 in Axes
   830 | D        | Reached XP level 9. HP: 84/86 MP: 8/8
   831 | D        | Reached skill level 15 in Fighting
   834 | D        | Killed a yaktaur
   847 | D        | Noticed a kraken
   872 | D        | Reached ****** piety under Trog
   873 | D        | Reached skill level 17 in Axes
  1222 | D        | Found a shimmering altar of Xom.
  1222 | D        | Found a sacrificial altar of Ru.
  1223 | D        | Found a glowing golden altar of the Shining One.
  1223 | D        | Found an ornate altar of the Wu Jian Council.
  1223 | D        | Found a stormy altar of Qazlal.
  1241 | D        | Found a hazy altar of Hepliaklqana.
  1249 | D        | Noticed an obsidian statue
  1814 | D        | Noticed a sixfirhy
  1814 | D        | Noticed a sixfirhy
  1821 | D        | Killed an obsidian statue
  1822 | D        | Noticed a sixfirhy
  1829 | D        | Found Wiarchina's Book Shoppe.
  1830 | D        | Found Puolussy's Antique Weapon Boutique.
  1864 | D        | Identified the +5 executioner's axe of the Eternal Void
                  | {vorpal, rElec} (Trog gifted it to you in the Dungeon)
  1864 | D        | Received a gift from Trog
  1877 | D        | Killed a sixfirhy
  1878 | D        | Reached skill level 1 in Stealth
  1880 | D        | Killed a sixfirhy
  1881 | D        | Reached skill level 18 in Axes
  1881 | D        | Reached skill level 10 in Dodging
  1881 | D        | Reached XP level 10. HP: 99/99 MP: 9/9
  1884 | D        | Killed a sixfirhy
  1982 | D        | Noticed Gastronok
  1988 | D        | Killed Gastronok
  1989 | D        | Reached skill level 19 in Axes
  2217 | D        | Noticed a dire elephant
  2217 | D        | Noticed an orc sorcerer
  2217 | D        | Noticed an orc sorcerer
  2217 | D        | Noticed an orc sorcerer
  2218 | D        | Noticed a soul eater
  2224 | D        | Killed a dire elephant
  2231 | D        | Killed an orc sorcerer
  2231 | D        | Received a gift from Trog
  2232 | D        | Reached skill level 10 in Armour
  2232 | D        | Paralysed by an orc sorcerer for 5 turns
  2233 | D        | Noticed an orange demon
  2238 | D        | Killed an orc sorcerer
  2244 | D        | Killed from afar by an orc sorcerer

Illustrated notes

Levels and vault maps discovered:
D:        the_violet_keep_of_menkaure [sprint2_stairs_cluster_1,
          sprint2_shoproom, sprint2_temple, sprint2_basic_supplies,
          sprint2_obstacle_6, sprint2_obstacle_3, sprint2_obstacle_2,
          sprint2_obstacle_1, sprint2_obstacle_7, sprint2_timed_cluster_1,
          sprint2_smallroom_cluster_1, sprint2_smallroom_final_cluster_1,
          sprint2_transparent_cluster_1, sprint2_second_timed_cluster_1,
          sprint2_sniper_area_1, sprint2_heavy_combat_area_1,
          sprint2_mutation_trap_area_1, sprint2_forest_area_1,
          sprint2_light_combat_area_1, sprint2_behind_water_1,
          sprint2_near_end_vault_1]

Skill      XL: |  1  2  3  4  5  6  7  8  9 10 |
---------------+-------------------------------+-----
Fighting       | 6 7 8 10 11 13 14 16 18 | 18.4
Axes           | 6 8 9 11 12 13 16 18 19 | 19.9
Armour         | 3 4 5 6 7 9 10 | 10.1
Dodging        | 3 4 5 6 8 10 11 | 11.6
Stealth        | 1 3 |  3.1

Action                   |  1- 3 |  4- 6 |  7- 9 | 10-12 || total
-------------------------+-------+-------+-------+-------++-------
Melee: Hand axe          |     4 |    17 |   106 |       ||   127
       Headbutt          |       |     2 |    20 |     4 ||    26
       Punch             |       |     1 |       |       ||     1
       Executioner's axe |       |       |     6 |    24 ||    30
Invok: Berserk           |     1 |     1 |     3 |     1 ||     6
  Use: Potion            |       |       |     3 |     2 ||     5
       Scroll            |       |       |    11 |       ||    11
 Stab: Sleeping          |       |       |     1 |       ||     1
Armor: Leather armour    |       |       |    27 |    13 ||    40
       Animal skin       |       |       |     1 |       ||     1
Dodge: Dodged            |     2 |     6 |    65 |    12 ||    85
